 Dungeon Crawl Stone Soup version 0.31-a0-851-g7ff8af7976 (webtiles) character file.

Game seed: 11829582178330196457

742 Darius099 the Cleaver (level 7, -3/57 HPs)
             Began as a Minotaur Fighter on Oct 7, 2023.
             Slain by an iguana (7 damage)
             ... on level 5 of the Dungeon.
             The game lasted 00:13:19 (3267 turns).

Darius099 the Cleaver (Minotaur Fighter)            Turns: 3267, Time: 00:13:20

Health: -3/57      AC: 13    Str: 22    XL:     7   Next: 47%
Magic:  6/6        EV:  8    Int:  5    God:
Gold:   256        SH:  4    Dex: 10    Spells: 6/6 levels left

rFire   . . .        a - +0 war axe
rCold   . . .        c - +0 buckler
rNeg    . . .        t - +0 chain mail
rPois   +            (helmet restricted)
rElec   .            b - +0 cloak
rCorr   .            j - +2 pair of gloves {hurl}
SInv    .            (no boots)
Will    +....        (no amulet) Stlth
                     m - ring of poison resistance
HPRegen 0.29/turn    w - ring of willpower
MPRegen 0.10/turn

%: no passive effects
@: no status effects
A: horns 2, retaliatory headbutt
a: no special abilities


You were on level 5 of the Dungeon.
You visited 1 branch of the dungeon, and saw 5 of its levels.

You collected 256 gold pieces.

Inventory:

Hand Weapons
 a - a +0 war axe (weapon)
Missiles
 p - 8 poisoned darts (quivered)
Armour
 b - a +0 cloak (worn)
 c - a +0 buckler (worn)
 j - a +2 pair of gloves of hurling (worn)
 t - a +0 chain mail (worn)
Jewellery
 m - a ring of poison resistance (left hand)
 w - a ring of willpower (right hand)
 y - a ring of ice
Talismans
 z - a flux talisman
Wands
 v - a wand of iceblast (10)
Scrolls
 e - 3 scrolls of enchant armour {unknown}
 k - 2 scrolls of teleportation {unknown}
 l - 2 scrolls of identify {unknown}
 o - a scroll of noise {unknown}
 q - a scroll of summoning {unknown}
 r - 2 scrolls of fog {unknown}
 s - a scroll of revelation {unknown}
 u - a scroll of silence {unknown}
 x - a scroll of enchant weapon {unknown}
Potions
 d - 3 potions of might
 f - a potion of attraction {unknown}
 g - 4 potions of curing {unknown}
 h - a potion of degeneration {unknown}
 i - 3 potions of heal wounds {unknown}
 n - 2 potions of haste {unknown}


   Skills:
 - Level 3.6 Fighting
 + Level 10.2 Axes
 - Level 3.6 Armour
 - Level 3.6 Shields


You had 6 spell levels left.
You didn't know any spells.
Your spell library contained the following spells:

 Spells                   Type           Power      Damage    Failure   Level
 Summon Small Mammal      Summ           0%         N/A       99%         1
 Call Canine Familiar     Summ           0%         N/A       100%        3
 Frozen Ramparts          Ice            0%         1d1       100%        3
 Summon Guardian Golem    Hex/Summ       0%         N/A       100%        3
 Petrify                  Tmut/Erth      0%         N/A       100%        4
 Metabolic Englaciation   Hex/Ice        0%         N/A       100%        5


Dungeon Overview and Level Annotations

Branches:
Dungeon (5/15)
 Temple: D:4-7

Altars:
Qazlal

Annotations:
D:5 3 runed translucent doors, hattop's ghost, novice DsSh


Innate Abilities, Weirdness & Mutations

You have a pair of horns on your head.
You reflexively headbutt those who attack you in melee.


Message History

You kill the orc priest!
You block the gnoll's attack.
You completely miss the gnoll. The gnoll closely misses you.
The gnoll hits you with a +0 whip.
* * * LOW HITPOINT WARNING * * *
You hit the gnoll.
The gnoll is lightly wounded.
The gnoll hits you from afar with a +0 spear.
* * * LOW HITPOINT WARNING * * *
The gnoll barely misses you.
You closely miss the gnoll.
The gnoll is lightly wounded.
The gnoll hits you but does no damage. x2
You slash the gnoll!
You kill the gnoll!
The gnoll hits you but does no damage.
You slash the orc!
You kill the orc!
The gnoll hits you but does no damage. The iguana bites you!
* * * LOW HITPOINT WARNING * * *
You block the gnoll's attack.
Items here: ))))) [[ ††.
You slash the gnoll!
The gnoll is severely wounded.
You closely miss the iguana. The iguana barely misses you.
You block the gnoll's attack.
You slash the gnoll!
You kill the gnoll!
You hit the iguana. The iguana barely misses you.
You slash the iguana!
The iguana is heavily wounded.
You block the iguana's attack.
You barely miss the iguana.
The iguana is heavily wounded.
You block the iguana's attack.
You hit the iguana. Your headbutt misses the iguana.
The iguana is almost dead.
The iguana bites you!
You die...

##.###########.##
#.##...........#
#####.##...........#
#...#.##...........#
#...#.##...........#
#...#.##...........#
#.l(#.##...........#
#...#.##...........#
...#...#@##...........#
...?...)l##...........###
#........................
#........................
####.###############.####
#. ...........# .
########...# . #...# ..
#...#


You could see an iguana.

Vanquished Creatures
  Menkaure (D:4)
  2 ogres
  A hound (D:3)
  A jelly (D:5)
  2 orc priests (D:5)
  3 iguanas
  Terence (D:2)
  3 sleepcaps (D:5)
  6 gnolls (D:5)
  3 adders
  3 worms
  2 dart slugs
  An orc (D:5)
  3 bats
  5 endoplasms
  2 giant cockroaches (D:1)
  6 goblins
  7 hobgoblins
  4 jackals (D:1)
  4 kobolds
  A quokka (D:4)
  2 ball pythons
  A frilled lizard (D:2)
  5 rats
69 creatures vanquished.

Notes
Turn   | Place    | Note
-------+----------+-------------------------------------------
     0 | D:1      | Darius099 the Minotaur Fighter began the quest for the Orb.
     0 | D:1      | Reached XP level 1. HP: 19/19 MP: 0/0
   128 | D:1      | You fall into a shaft and drop 1 floor!
   181 | D:2      | Reached skill level 3 in Axes
   181 | D:2      | Reached XP level 2. HP: 25/26 MP: 1/1
   352 | D:1      | Reached skill level 4 in Axes
   462 | D:1      | Reached XP level 3. HP: 30/31 MP: 2/2
  1035 | D:2      | Noticed Terence
  1043 | D:2      | Killed Terence
  1044 | D:2      | Reached skill level 5 in Axes
  1044 | D:2      | Reached XP level 4. HP: 39/39 MP: 3/3
  1456 | D:3      | Reached skill level 6 in Axes
  1885 | D:4      | Noticed an ogre
  1895 | D:4      | Killed an ogre
  1896 | D:4      | Reached skill level 7 in Axes
  1896 | D:4      | Reached XP level 5. HP: 19/45 MP: 4/4
  2040 | D:4      | Noticed Menkaure
  2054 | D:4      | Killed Menkaure
  2055 | D:4      | Reached skill level 8 in Axes
  2055 | D:4      | Reached XP level 6. HP: 23/51 MP: 5/5
  2737 | D:5      | Entered Level 5 of the Dungeon
  2745 | D:5      | Found a runed translucent gate.
  2746 | D:5      | Found a runed translucent gate.
  2746 | D:5      | Found a runed translucent gate.
  2748 | D:5      | Noticed hattop's ghost (novice DsSh)
  2939 | D:5      | Reached skill level 9 in Axes
  2980 | D:5      | Reached XP level 7. HP: 53/57 MP: 6/6
  3120 | D:5      | Found a stormy altar of Qazlal.
  3249 | D:5      | Reached skill level 10 in Axes
  3262 | D:5      | HP: 2/57 [iguana (11)]
  3267 | D:5      | Slain by an iguana

Illustrated notes

Levels and vault maps discovered:
D:1:      onia_arrival_mini_maze, layout_rooms
D:2:      layout_loops_ring, uniq_terence
D:3:      layout_basic
D:4:      layout_gridville, uniq_menkaure
D:5:      layout_basic, old_standard_altar, ebering_ghost_rock_garden,
          grunt_ministairs_9

Skill      XL: |  1  2  3  4  5  6  7 |
---------------+----------------------+-----
Axes           | 3 4 5 7 8 9 10 | 10.2
Fighting       | |  3.6
Armour         | |  3.6
Shields        | |  3.6

Action                     |  1- 3 |  4- 6 |  7- 9 || total
---------------------------+-------+-------+-------++-------
  Melee: War axe           |    72 |    85 |    34 ||   191
         Headbutt          |     5 |    14 |     6 ||    25
  Throw: Dart              |       |     3 |       ||     3
 Armour: Scale mail        |    40 |       |       ||    40
         Chain mail        |       |    56 |    34 ||    90
  Dodge: Dodged            |    38 |    18 |    10 ||    66
  Block: Buckler           |    16 |    18 |    12 ||    46

Table legend: (Time is in decaauts)
 A = Elapsed time spent in this place.
 B = Non-inter-level travel time spent in this place.
 C = Inter-level travel time spent in this place.
 D = Time resting spent in this place.
 E = Time spent auto-exploring this place.
 F = Levels seen in this place.
 G = Mean time per level.
                   A        B        C        D        E       F      G
               +--------+--------+--------+--------+--------+-----+--------+
         Total |   3302 |   3240 |     62 |    203 |    790 |   5 |  660.4 |
       Dungeon |   3302 |   3240 |     62 |    203 |    790 |   5 |  660.4 |
               +--------+--------+--------+--------+--------+-----+--------+

Top non-repeatable levels by time:
     D:4: 996 daAuts
     D:1: 611 daAuts
     D:3: 596 daAuts
     D:2: 565 daAuts
     D:5: 533 daAuts
